cohdb
Replays
Latest Replays
All Replays
Popular Replays
Top Player Replays
Match Explorer
How It Works
Community
CoH3 Stats
Reddit
Sign in to upload your games and track your stats! →
Sign in with Steam
Match 40566325
Unlisted
Match 40566325
Overview
Messages
Build Orders
End
Kettenkrad Recon Vehicle
Construct Infanterie Kompanie
Selects Breakthrough Battlegroup
Selects Assault Grenadiers
Grenadier Squad
Grenadier Squad
Grenadier Squad
Infanterie Officer Quarters
MG 42 Machine Gun Team
Construct Panzergrenadier Kompanie
Selects Breakthrough
Pak 40 Anti-tank Gun Team
Selects Mechanized Assault Group
Medical Bunker
Mechanized Assault Group
Support Elements
StuG III G Assault Gun
StuG III G Assault Gun
Nebelwerfer 42 Rocket Launcher Team
Pak 40 Anti-tank Gun Team
Panzergrenadier Officer Quarters
Side Skirts
Selects Rapid Production
Selects Blitzkrieg
MG 42 Bunker
Selects Tiger Heavy Tank
Tiger Heavy Tank
Pioneer Squad
Pioneer Squad
Pioneer Squad
Pak 40 Anti-tank Gun Team
MG 42 Machine Gun Team
Itaperuna
KevinTDW
0
0
Comments
sign in to comment!
No comments posted yet!